[ AOE2 MATCH · #460720600 ]
UnrankedIncas vs Magyars
Player's team · WIN
Rival team · LOSS
[ REPLAY ANALYSIS · EXTRACTED FROM THE RECORDED GAME ]
Feudal
10:57
Castle
24:55
Imperial
—
| APM avg | 35.8 |
| APM peak | 66 |
| eAPM avg | 15.2 |
| Villagers / military | 40 / 18 |
Focus
⚔️ 30.9% · 🌾 69.1%
Spearman ×18 · Unknown (2550) ×18
Feudal
9:47
Castle
—
Imperial
—
| APM avg | 37.8 |
| APM peak | 100 |
| eAPM avg | 13.7 |
| Villagers / military | 51 / 17 |
Focus
⚔️ 18.5% · 🌾 81.5%
Scout Cavalry ×15 · Archer ×2
Match map
Initial resources + every placement click. Lines = walls · curves = elevation contours. ◆ gold · ⬟ stone · ● berries · ✦ relic · ◌ wall gap
Your base· Open — unwalled flank
BDrivenByDemons's base· Open — 4t gap
Smoothed initial terrain · ◌ = detected wall gap · hover for details
Inputs per minute
— FishX - - BDrivenByDemons
Build order — FishX
112 actions detected in the replay
| 0:09 | Create | Villager (Male) |
| 0:09 | Create | Villager (Male) |
| 0:17 | Build | Barracks |
| 0:18 | Create | Villager (Male) |
| 0:19 | Build | House |
| 0:23 | Create | Villager (Male) |
| 1:45 | Create | Unit 2550 |
| 2:10 | Create | Villager (Male) |
| 2:40 | Create | Villager (Male) |
| 2:40 | Create | Villager (Male) |
| 3:16 | Create | Villager (Male) |
| 3:22 | Build | House |
| 3:55 | Create | Villager (Male) |
| 4:21 | Create | Villager (Male) |
| 4:44 | Create | Villager (Male) |
| 5:08 | Create | Villager (Male) |
| 5:12 | Research | Loom |
| 5:51 | Create | Villager (Male) |
| 5:58 | Build | Settlement |
| 6:17 | Create | Villager (Male) |
| 6:28 | Create | Villager (Male) |
| 6:37 | Create | Villager (Male) |
| 6:47 | Create | Villager (Male) |
| 6:47 | Create | Villager (Male) |
| 6:54 | Create | Villager (Male) |
| 8:12 | Create | Villager (Male) |
| 8:15 | Build | Farm |
| 8:18 | Build | Farm |
| 8:47 | Research | Feudal Age |
| 9:57 | Create | Unit 2550 |
| 9:57 | Create | Unit 2550 |
| 10:57 | Age | Feudal Age |
| 11:03 | Build | Watch Tower |
| 11:10 | Create | Villager (Male) |
| 11:12 | Create | Spearman |
| 12:04 | Build | Watch Tower |
| 12:07 | Create | Villager (Male) |
| 12:09 | Build | Farm |
| 12:10 | Build | Farm |
| 12:10 | Build | Farm |
| 12:10 | Build | Farm |
| 12:11 | Build | Farm |
| 12:12 | Create | Villager (Male) |
| 12:18 | Create | Unit 2550 |
| 12:29 | Create | Villager (Male) |
| 12:45 | Build | Watch Tower |
| 12:49 | Create | Unit 2550 |
| 12:49 | Create | Unit 2550 |
| 12:57 | Research | Double-Bit Axe |
| 13:11 | Build | Watch Tower |
| 13:14 | Create | Villager (Male) |
| 13:19 | Create | Unit 2550 |
| 13:19 | Create | Unit 2550 |
| 13:32 | Create | Villager (Male) |
| 13:45 | Build | Settlement |
| 13:58 | Build | Watch Tower |
| 14:03 | Create | Villager (Male) |
| 14:17 | Create | Unit 2550 |
| 14:25 | Build | Farm |
| 14:50 | Build | Watch Tower |
| 15:35 | Build | Watch Tower |
| 15:39 | Create | Villager (Male) |
| 15:40 | Create | Villager (Male) |
| 15:42 | Build | Farm |
| 15:43 | Create | Villager (Male) |
| 16:05 | Create | Villager (Male) |
| 16:33 | Create | Villager (Male) |
| 16:35 | Create | Spearman |
| 16:48 | Build | Watch Tower |
| 16:49 | Create | Villager (Male) |
| 16:54 | Build | Farm |
| 16:58 | Build | Market |
| 17:01 | Build | Farm |
| 17:05 | Create | Spearman |
| 17:16 | Create | Villager (Male) |
| 17:27 | Create | Spearman |
| 17:56 | Research | Tech 1402 |
| 18:15 | Create | Spearman |
| 18:31 | Build | Watch Tower |
| 18:34 | Create | Villager (Male) |
| 18:40 | Build | Blacksmith |
| 19:17 | Create | Villager (Male) |
| 19:28 | Build | Settlement |
| 19:29 | Create | Villager (Male) |
| 19:34 | Build | Farm |
| 19:52 | Create | Villager (Male) |
| 19:58 | Build | House |
| 20:04 | Create | Spearman |
| 20:05 | Create | Spearman |
| 20:42 | Create | Spearman |
| 20:49 | Build | Settlement |
| 21:03 | Build | Farm |
| 21:20 | Create | Villager (Male) |
| 21:58 | Build | Farm |
| 22:15 | Research | Castle Age |
| 22:49 | Build | Barracks |
| 23:02 | Research | Fletching |
| 23:02 | Research | Scale Mail Armor |
| 23:11 | Build | Barracks |
| 23:23 | Research | Horse Collar |
| 23:23 | Research | Horse Collar |
| 23:34 | Research | Gold Mining |
| 24:07 | Research | Forging |
| 24:09 | Create | Unit 2550 ×2 |
| 24:15 | Create | Unit 2550 |
| 24:49 | Create | Unit 2550 ×3 |
| 24:49 | Create | Unit 2550 ×3 |
| 24:55 | Age | Castle Age |
| 25:13 | Build | Castle |
| 25:32 | Create | Villager (Male) |
| 26:05 | Create | Spearman ×5 |
| 26:05 | Create | Spearman ×5 |
Build order — BDrivenByDemons
137 actions detected in the replay
| 0:00 | Create | Villager (Male) ×4 |
| 0:03 | Build | House |
| 0:05 | Build | House |
| 1:24 | Create | Villager (Male) |
| 1:47 | Build | Lumber Camp |
| 1:51 | Create | Villager (Male) |
| 2:21 | Create | Villager (Male) |
| 2:53 | Create | Villager (Male) |
| 2:55 | Create | Villager (Male) |
| 3:40 | Create | Villager (Male) |
| 3:50 | Build | House |
| 3:53 | Build | House |
| 4:07 | Create | Villager (Male) |
| 4:29 | Create | Villager (Male) |
| 4:34 | Create | Villager (Male) |
| 5:07 | Build | Mill |
| 5:13 | Create | Villager (Male) |
| 5:22 | Create | Villager (Male) |
| 5:47 | Create | Villager (Male) |
| 5:59 | Build | House |
| 6:00 | Create | Villager (Male) |
| 6:01 | Build | Palisade Wall |
| 6:06 | Build | House |
| 6:08 | Build | House |
| 6:34 | Research | Loom |
| 7:37 | Research | Feudal Age |
| 8:49 | Create | Villager (Male) |
| 9:21 | Create | Villager (Male) |
| 9:26 | Build | Barracks |
| 9:47 | Age | Feudal Age |
| 10:23 | Build | Archery Range |
| 10:23 | Create | Villager (Male) |
| 10:49 | Research | Double-Bit Axe |
| 10:55 | Create | Villager (Male) |
| 11:10 | Build | Watch Tower |
| 11:11 | Create | Villager (Male) |
| 11:15 | Create | Villager (Male) |
| 11:17 | Create | Archer |
| 11:18 | Create | Archer |
| 11:38 | Create | Villager (Male) |
| 11:47 | Create | Villager (Male) |
| 12:03 | Create | Villager (Male) |
| 12:06 | Create | Villager (Male) |
| 12:12 | Create | Villager (Male) |
| 12:18 | Create | Villager (Male) |
| 12:20 | Create | Villager (Male) |
| 12:33 | Build | Stable |
| 12:33 | Create | Villager (Male) |
| 12:40 | Create | Villager (Male) |
| 12:42 | Build | Farm |
| 12:43 | Build | Farm |
| 12:51 | Build | Palisade Wall |
| 12:55 | Build | Farm |
| 13:00 | Build | Lumber Camp |
| 13:01 | Create | Villager (Male) |
| 13:15 | Create | Villager (Male) |
| 13:18 | Build | Farm |
| 13:22 | Create | Scout Cavalry |
| 13:22 | Create | Scout Cavalry |
| 13:31 | Create | Villager (Male) |
| 13:36 | Build | House |
| 13:38 | Build | House |
| 13:38 | Create | Villager (Male) |
| 13:44 | Build | Palisade Wall |
| 13:46 | Build | Palisade Wall |
| 14:01 | Create | Villager (Male) |
| 14:03 | Create | Scout Cavalry |
| 14:15 | Build | Farm |
| 14:16 | Build | Farm |
| 14:21 | Create | Villager (Male) |
| 14:25 | Build | Farm |
| 14:26 | Create | Scout Cavalry |
| 14:30 | Build | House |
| 14:36 | Create | Villager (Male) |
| 14:40 | Build | Farm |
| 14:41 | Build | Farm |
| 14:51 | Create | Villager (Male) |
| 15:11 | Create | Villager (Male) |
| 15:16 | Build | Watch Tower |
| 15:27 | Create | Scout Cavalry |
| 15:30 | Create | Villager (Male) |
| 15:34 | Build | Mining Camp |
| 15:53 | Build | Blacksmith |
| 16:25 | Create | Villager (Male) |
| 16:41 | Create | Scout Cavalry |
| 16:48 | Build | Mining Camp |
| 16:49 | Create | Villager (Male) |
| 17:20 | Build | Market |
| 17:23 | Create | Scout Cavalry |
| 17:31 | Build | Farm |
| 17:58 | Create | Scout Cavalry |
| 18:30 | Create | Scout Cavalry |
| 18:53 | Create | Villager (Male) |
| 19:16 | Create | Villager (Male) |
| 19:19 | Create | Villager (Male) |
| 19:29 | Build | Watch Tower |
| 19:36 | Build | Farm |
| 20:05 | Build | Farm |
| 20:06 | Create | Villager (Male) |
| 20:29 | Build | Watch Tower |
| 20:32 | Research | Fletching |
| 21:09 | Create | Villager (Male) |
| 21:15 | Build | Mill |
| 21:16 | Build | Farm |
| 21:17 | Build | Farm |
| 21:17 | Build | Farm |
| 21:17 | Build | Farm |
| 21:17 | Build | Farm |
| 21:18 | Build | Farm |
| 21:18 | Build | Farm |
| 21:33 | Build | Watch Tower |
| 21:45 | Build | Farm |
| 21:48 | Build | Farm |
| 22:11 | Build | Lumber Camp |
| 22:16 | Research | Bloodlines |
| 22:24 | Build | Farm |
| 22:44 | Create | Scout Cavalry |
| 23:00 | Research | Horse Collar |
| 23:08 | Create | Scout Cavalry |
| 23:08 | Create | Scout Cavalry |
| 23:24 | Build | Stable |
| 23:32 | Research | Scale Barding Armor |
| 23:41 | Create | Scout Cavalry |
| 23:54 | Build | Mill |
| 24:05 | Create | Scout Cavalry |
| 24:05 | Create | Scout Cavalry |
| 24:11 | Build | Farm |
| 24:19 | Build | Farm |
| 24:41 | Build | Farm |
| 24:55 | Build | Farm |
| 25:09 | Build | Farm |
| 25:21 | Research | Wheelbarrow |
| 25:26 | Build | House |
| 25:32 | Build | House |
| 26:46 | Create | Villager (Male) |
| 27:20 | Create | Villager (Male) |
| 27:24 | Research | Castle Age |
Match timeline
| 0:17 | FishX · first_building Barracks |
| 6:01 | BDrivenByDemons · wall_segment Palisade Wall x1 |
| 9:26 | BDrivenByDemons · first_building Barracks |
| 9:47 | BDrivenByDemons · age_up feudal |
| 10:23 | BDrivenByDemons · first_building Archery Range |
| 10:57 | FishX · age_up feudal |
| 12:33 | BDrivenByDemons · first_building Stable |
| 12:51 | BDrivenByDemons · wall_segment Palisade Wall x1 |
| 13:44 | BDrivenByDemons · wall_segment Palisade Wall x5 |
| 13:46 | BDrivenByDemons · wall_segment Palisade Wall x1 |
| 18:29 | BDrivenByDemons · first_market_sell 100 wood |
| 21:17 | FishX · first_market_buy 100 food |
| 24:55 | FishX · first_market_sell 100 wood |
| 24:55 | FishX · age_up castle |
| 25:13 | FishX · first_building Castle |
| 27:31 | BDrivenByDemons · resign |
[ AI ANALYSIS · 1 CREDIT ]
What really happened in this match?
Wolo.gg analyzes every decision: build order, eco, micro, common mistakes by bracket. Personalized analysis on WhatsApp or Discord in 30 seconds.
Civ guide
Incas
Perfil
Jugador #10272521